 Dungeon Crawl Stone Soup version 0.21-a0-581-gb7d493ddfc (webtiles) character file.

10625 MrRokkomies the Cruncher (level 11, 0/112 HPs)
             Began as a Kobold Hunter on Dec 19, 2017.
             Was a Believer of Dithmenos.
             Slain by a troll (6 damage)
             ... on level 11 of the Dungeon.
             The game lasted 00:31:12 (12912 turns).

MrRokkomies the Cruncher (Kobold Hunter)           Turns: 12912, Time: 00:31:12

Health: 0/112      AC: 25    Str: 15    XL:     11   Next: 96%
Magic:  14/14      EV:  3    Int: 13    God:    Dithmenos [**....]
Gold:   545        SH:  0    Dex: 16    Spells: 10/10 levels left

rFire    + . .     SeeInvis .   b - +0 quarterstaff
rCold    . . .     Gourm    .   (shield currently unavailable)
rNeg     + + +     Faith    .   (armour currently unavailable)
rPois    +         Spirit   .   (helmet currently unavailable)
rElec    .         Reflect  .   (cloak currently unavailable)
rCorr    .         Harm     .   (gloves currently unavailable)
MR       +....     NoTele   +   (boots currently unavailable)
Stlth    ++........             B - amulet of magic regeneration
HPRegen  0.28/turn              o - ring of protection from fire
MPRegen  0.39/turn              k - ring of protection from magic

@: mighty, tree-form (expiring), wreathed by umbra
A: small, repulsion field 1, carnivore, robust 1, weak 1, evolution 1
a: Shadow Step, Renounce Religion


You were on level 11 of the Dungeon.
You worshipped Dithmenos.
Dithmenos was pleased with you.
You were not hungry.
You were a tree.
You visited 2 branches of the dungeon, and saw 12 of its levels.
You also visited: Ossuary.

You collected 545 gold pieces.

Inventory:

Hand Weapons
 a - a +2 hand crossbow
 b - a +0 quarterstaff (weapon)
 t - a +0 blowgun
Missiles
 d - 42 bolts
 u - a curare-tipped needle
 D - 13 poisoned needles
Armour
 g - a +1 robe of cold resistance
 h - a +2 ring mail of magic resistance (melded)
 q - a +3 leather armour of fire resistance
 A - a +2 pair of gloves (melded)
Jewellery
 k - a ring of protection from magic (right branch)
 o - a ring of protection from fire (left branch)
 B - an amulet of magic regeneration (around neck)
Wands
 s - a wand of iceblast (9)
Scrolls
 i - 2 scrolls of teleportation
 m - a scroll of amnesia
 n - 3 scrolls of identify
 p - 4 scrolls of enchant weapon
 r - 2 scrolls of enchant armour
 y - a scroll of blinking
Potions
 c - a potion of haste
 e - 5 potions of magic
 j - 2 potions of brilliance
 v - 2 potions of agility
 x - a potion of flight
 z - 2 potions of cancellation
Books
 l - Sif Muna's Grimoire of Warped Clay
   (You found it on level 7 of the Dungeon)

   Spells                             Type                      Level
   a - Apportation                    Translocation                1
   b - Lesser Beckoning               Translocation                3
   c - Teleport Other                 Translocation                3
   d - Iron Shot                      Conjuration/Earth            6
Comestibles
 f - 29 rations


   Skills:
 * Level 8.3 Fighting
 * Level 10.6 Staves
 - Level 10.1 Crossbows
 - Level 10.0 Dodging
 - Level 1.3 Stealth
 - Level 5.0 Evocations


You had 10 spell levels left.
You didn't know any spells.

Dungeon Overview and Level Annotations

Branches:
Dungeon (11/15)            Temple (1/1) D:7
   Lair: D:8-11         Orc: D:9-12

Altars:
Ashenzari
Cheibriados
Dithmenos
Elyvilon
Fedhas
Gozag
Hepliaklqana
Kikubaaqudgha
Makhleb
Nemelex Xobeh
Okawaru
Qazlal
Ru
Sif Muna
Trog
Uskayaw
Vehumet
Wu Jian
Xom
Yredelemnul
Zin
The Shining One
Beogh

Shops:
D:9 !   D:11 =


Innate Abilities, Weirdness & Mutations

You are small and have problems with some larger weapons.
You are carnivorous and can eat meat at any time.
You are surrounded by a mild repulsion field. (EV +2)
((You are partially covered in thin metallic scales. (AC +2)))
You are robust. (+10% HP)
You are weak. (Str -2)
You evolve.


Message History

An adder comes into view.
You feel better. The troll barely misses you.
The troll claws you but does no damage. x2
You feel very mighty all of a sudden. The troll bites you!
* * * LOW HITPOINT WARNING * * *
The troll claws you but does no damage. The troll claws you.
* * * LOW HITPOINT WARNING * * *
You sock the troll!
The troll is severely wounded.
The troll bites you but does no damage. The troll claws you.
* * * LOW HITPOINT WARNING * * *
The troll claws you!
* * * LOW HITPOINT WARNING * * *
You hit the troll.
The troll is severely wounded.
You barely miss the troll.
The troll is severely wounded.
The troll bites you but does no damage. The troll claws you.
You die...

###################.
#...................
#%..................
#.<.<..........
#.############# #.#
######.##############
#.....[....ST7......#
######..#############
#†.# #(.# #(%#
#######(.######
.......(...)....
................
#######(.#######


You could see a troll and an adder.

Vanquished Creatures
  A two-headed ogre (D:10)
  2 unseen horrors
  An ugly thing (D:11)
  A gargoyle (D:10)
  Grinder (D:5)
  2 hippogriffs
  15 yaks
  A wyvern (D:9)
  Menkaure (D:4)
  A water moccasin (D:10)
  Duvessa (D:4)
  4 ice beasts
  4 orc warriors
  2 phantoms
  3 sky beasts
  A black bear (D:7)
  5 ogres
  A centaur (D:7)
  4 big kobolds
  Blork the orc (D:5)
  7 bullfrogs
  A gnoll sergeant (D:10)
  Dowan (D:4)
  8 water moccasin zombies
  3 scorpions
  6 killer bees (D:9)
  5 wights (D:6)
  3 howler monkeys
  5 crimson imps
  2 bullfrog zombies
  A quasit (D:6)
  A jelly (D:8)
  3 bullfrog skeletons
  2 hounds
  4 orc priests
  2 iguanas
  4 orc wizards (D:6)
  Jessica (D:2)
  Ijyb (D:4)
  3 worker ants
  A big kobold zombie (Ossuary)
  A hound zombie (D:7)
  2 mummies (Ossuary)
  A hound skeleton (D:4)
  9 adders
  8 gnolls
  A shadow imp (D:6)
  An ooze (D:4)
  4 adder zombies
  2 adder skeletons
  A worm (D:6)
  The ghost of Banto the Covered, a weakling DgWn (D:3)
  2 leopard geckos
  27 orcs
  A ball python (D:6)
  8 bats
  5 giant cockroaches
  5 gnoll zombies (Ossuary)
  3 goblins (D:1)
  5 hobgoblins
  8 jackals
  3 quokkas
  5 frilled lizards
  3 hobgoblin zombies (Ossuary)
  A jackal skeleton (D:4)
  A jackal zombie (D:5)
  18 kobolds
  5 kobold zombies (Ossuary)
  A leopard gecko skeleton (D:4)
  6 orc zombies
  4 rats
258 creatures vanquished.

Notes
Turn   | Place    | Note
-------+----------+-------------------------------------------
     0 | D:1      | MrRokkomies the Kobold Hunter began the quest for the Orb.
     0 | D:1      | Reached XP level 1. HP: 12/12 MP: 1/1
   346 | D:1      | Reached skill level 5 in Crossbows
   616 | D:1      | Reached XP level 2. HP: 18/18 MP: 2/2
   920 | D:1      | Reached XP level 3. HP: 22/22 MP: 3/3
  1292 | D:2      | Noticed Jessica
  1300 | D:2      | Killed Jessica
  1569 | D:2      | Reached XP level 4. HP: 26/28 MP: 4/4
  1847 | D:3      | Noticed Banto's ghost (weakling DgWn)
  1859 | D:3      | Killed Banto's ghost
  2437 | D:4      | Noticed Ijyb
  2450 | D:4      | Killed Ijyb
  2450 | D:4      | Reached XP level 5. HP: 32/33 MP: 5/5
  2526 | D:4      | Noticed Duvessa
  2542 | D:4      | Noticed Dowan
  2548 | D:4      | Gained mutation: Scrolls take you a little longer to read. [potion of mutation]
  2548 | D:4      | Gained mutation: Your spells are a little harder to cast, but a little more powerful. [potion of mutation]
  2548 | D:4      | Gained mutation: You are weak. (Str -2) [potion of mutation]
  2548 | D:4      | Gained mutation: You are robust. (+10% HP) [potion of mutation]
  2572 | D:4      | Killed Duvessa
  2572 | D:4      | Reached skill level 5 in Dodging
  2572 | D:4      | Reached XP level 6. HP: 9/44 MP: 6/6
  2587 | D:4      | Killed Dowan
  2587 | D:4      | Reached skill level 5 in Fighting
  2867 | D:4      | Noticed Menkaure
  2877 | D:4      | Killed Menkaure
  2877 | D:4      | Reached XP level 7. HP: 6/49 MP: 7/7
  3500 | D:4      | Found an opulent altar of Gozag.
  3710 | D:5      | Entered Level 5 of the Dungeon
  3828 | D:5      | Noticed Blork the orc
  3839 | D:5      | Killed Blork the orc
  3839 | D:5      | Reached skill level 1 in Staves
  3890 | D:5      | Noticed Grinder
  3908 | D:5      | Reached XP level 8. HP: 48/56 MP: 8/8
  3908 | D:5      | Killed Grinder
  4096 | D:5      | Found a shimmering altar of Xom.
  4096 | D:5      | Found a shimmering altar of Xom.
  4096 | D:5      | Found a shimmering altar of Xom.
  4103 | D:5      | Found a shimmering altar of Xom.
  4104 | D:5      | Found a shimmering altar of Xom.
  4116 | D:5      | You fall through a shaft for 3 floors!
  4725 | D:6      | Reached XP level 9. HP: 37/60 MP: 9/9
  4814 | D:6      | Reached skill level 5 in Staves
  5049 | D:6      | Found a sand-covered staircase.
  5058 | Ossuary  | Entered an ossuary
  5288 | Ossuary  | Reached skill level 10 in Dodging
  5375 | Ossuary  | Reached skill level 1 in Evocations
  6486 | D:6      | Reached XP level 10. HP: 55/66 MP: 13/13
  6631 | D:7      | Reached skill level 5 in Evocations
  6768 | D:7      | Found a staircase to the Ecumenical Temple.
  6772 | D:7      | Identified Sif Muna's Grimoire of Warped Clay
  6779 | Temple   | Entered the Ecumenical Temple
  6858 | Temple   | Became a worshipper of Dithmenos the Shadowed
  6998 | D:7      | Lost mutation: Scrolls take you a little longer to read. [potion of mutation]
  6998 | D:7      | Lost mutation: Your spells are a little harder to cast, but a little more powerful. [potion of mutation]
  6998 | D:7      | Gained mutation: You evolve. [potion of mutation]
  7902 | D:8      | Gained mutation: You rapidly evolve. [evolution]
  8677 | D:8      | Reached * piety under Dithmenos
  8880 | D:8      | Found a roughly hewn altar of Beogh.
  9087 | D:8      | Gained mutation: You are surrounded by a mild repulsion field. (EV +2) [evolution]
  9087 | D:8      | Lost mutation: You rapidly evolve. [decline of evolution]
  9224 | D:9      | Found Efe Ozea's Distillery.
  9662 | D:9      | Reached ** piety under Dithmenos
  9695 | D:10     | Entered Level 10 of the Dungeon
 10106 | D:9      | Gained mutation: You are partially covered in thin metallic scales. (AC +2) [evolution]
 10116 | D:9      | Reached XP level 11. HP: 47/70 MP: 14/14
 11323 | D:10     | Got a smoking ring mail
 11334 | D:10     | Identified the cursed +0 ring mail of the Shining Light {Int+3 Dex+7} (You found it on level 10 of the Dungeon)
 11369 | D:10     | Killed an unseen horror
 11369 | D:10     | Reached skill level 10 in Crossbows
 11515 | D:10     | Noticed a two-headed ogre
 11543 | D:10     | Killed a two-headed ogre
 11567 | D:10     | Reached skill level 10 in Staves
 12673 | D:11     | Noticed a green ugly thing
 12693 | D:11     | Killed a green ugly thing
 12859 | D:11     | Found Reguih's Jewellery Shoppe.
 12897 | D:11     | Killed an unseen horror
 12910 | D:11     | HP: 5/112 [troll (7)]
 12912 | D:11     | Slain by a troll

Vault maps used:
D:1:      scummos_arrival_simple_crosswalls, minivault_5, grunt_decor_arrowhead,
          columned_hall_lemuel, minmay_distorted
D:2:      uniq_jessica
D:4:      cheibrodos_thug_alley, marbit_many_paths, serial_corexii_hall,
          corexii_hall_statues_i, corexii_hall_statues_x, interstate_on_off,
          uniq_ijyb, uniq_menkaure, uniq_duvessa
D:5:      first_ration, xom_redecorated, uniq_blork_the_orc, uniq_grinder
D:6:      cheibrodos_barr_body, enter_ossuary_3, minmay_misc_feat_chi
D:7:      minmay_temple_entry_junction, grunt_ogre_cave
D:8:      special_room
D:9:      serial_shops, nicolae_shop_stone
D:10:     basic_loot_grate_trap, minmay_misc_feat_room
D:11:     lair_entry_dummy, serial_shops, shop, evilmike_minifort
Temple:   grunt_wide_crystal_templ
Ossuary:  ossuary_tomb_2

Skill      XL: |  1  2  3  4  5  6  7  8  9 10 11 |
---------------+----------------------------------+-----
Crossbows      | 5 8 10 | 10.1
Dodging        | 3 4 5 6 7 9 10 | 10.0
Fighting       | 3 4 5 6 8 |  8.3
Staves         | 2 4 6 8 10 | 10.6
Evocations     | 4 5 |  5.0
Stealth        | |  1.3

Action                   |  1- 3 |  4- 6 |  7- 9 | 10-12 || total
-------------------------+-------+-------+-------+-------++-------
Melee: Short sword       |    81 |    79 |       |       ||   160
       Quarterstaff      |       |       |   444 |   677 ||  1121
       Rapier            |       |       |     2 |       ||     2
 Fire: Hand crossbow     |    11 |    56 |   102 |   108 ||   277
       Blowgun           |       |       |       |    10 ||    10
Evoke: Wand              |       |     6 |    21 |     7 ||    34
  Use: Scroll            |     2 |     5 |     3 |     7 ||    17
       Potion            |       |     6 |       |    10 ||    16
 Stab: Sleeping          |     1 |     2 |     1 |     4 ||     8
  Eat: Chunk             |     3 |     6 |    17 |    43 ||    69
Armor: Leather armour    |    25 |    17 |    88 |    58 ||   188
       Robe              |     1 |    10 |       |       ||    11
       Ring mail         |       |       |       |    69 ||    69
       Skin              |       |       |       |    25 ||    25
Dodge: Dodged            |    82 |    97 |   432 |   769 ||  1380

Table legend:
 A = Spawn XP
 B = Non-spawn XP
 C = Spawn XP percentage of total XP
 D = Spawn monster count
 E = Non-spawn monster count
 F = Spawn count percentage of total count
 G = Total turns spent on level
                    A         B        C        D         E        F      G
               +---------+---------+-------+---------+---------+-------+---------
         Total |       0 |   15179 |   0.0 |       0 |     258 |   0.0 | 12912
               +---------+---------+-------+---------+---------+-------+---------
           D:1 |       0 |      29 |   0.0 |       0 |      16 |   0.0 |  1292
           D:2 |       0 |      46 |   0.0 |       0 |       7 |   0.0 |   514
           D:3 |       0 |      47 |   0.0 |       0 |      14 |   0.0 |   619
           D:4 |       0 |     699 |   0.0 |       0 |      20 |   0.0 |  1285
           D:5 |       0 |     516 |   0.0 |       0 |       7 |   0.0 |   504
           D:6 |       0 |    1644 |   0.0 |       0 |      42 |   0.0 |  1512
           D:7 |       0 |     980 |   0.0 |       0 |      21 |   0.0 |  1348
           D:8 |       0 |    1784 |   0.0 |       0 |      38 |   0.0 |  1566
           D:9 |       0 |    2331 |   0.0 |       0 |      30 |   0.0 |  1402
          D:10 |       0 |    4804 |   0.0 |       0 |      27 |   0.0 |  1924
          D:11 |       0 |    1672 |   0.0 |       0 |       5 |   0.0 |   260
       Ossuary |       0 |     627 |   0.0 |       0 |      31 |   0.0 |   601
               +---------+---------+-------+---------+---------+-------+---------
